 Dungeon Crawl Stone Soup version 0.29-a0-337-g68df138881 (webtiles) character file.

Game seed: 5409260881869559030

3220 spaghetti the Sneak (level 9, 0/79 HPs)
             Began as a Deep Dwarf Summoner on Apr 17, 2022.
             Was an Elder of Makhleb.
             Slain by a killer bee (4 damage)
             ... on level 8 of the Dungeon.
             The game lasted 00:28:31 (10766 turns).

spaghetti the Sneak (Deep Dwarf Summoner)          Turns: 10766, Time: 00:28:31

Health: 0/79       AC:  5    Str: 12    XL:     9   Next: 66%
Magic:  2/15       EV: 14    Int: 20    God:    Makhleb [****..]
Gold:   447        SH:  0    Dex: 13    Spells: 5/18 levels left

rFire   + . .      SeeInvis .   c - +10 dagger of Red Wine {spect, rF+, short}
rCold   . . .      Faith    .   (no shield)
rNeg    . . .      Spirit   .   a - +0 robe
rPois   +          Reflect  .   (no helmet)
rElec   .          Harm     .   (no cloak)
rCorr   .          Rampage  .   F - +2 pair of gloves
Will    +....                   (no boots)
Stlth   ++++......              k - amulet of the acrobat
HPRegen 0.00/turn               t - ring of poison resistance
MPRegen 0.14/turn               (no ring)

@: lethally poisoned (0 -> 0)
A: damage resistance, heal wounds, sense surroundings 2, no regeneration
a: Heal Wounds, Renounce Religion, Minor Destruction, Lesser Servant of Makhleb,
Major Destruction


You were on level 8 of the Dungeon.
You worshipped Makhleb.
Makhleb was greatly pleased with you.
You visited 1 branch of the dungeon, and saw 8 of its levels.
You also visited: Ossuary.

You collected 447 gold pieces.


Innate Abilities, Weirdness & Mutations

You are resistant to damage.
You can heal yourself by infusing magical energy.
You passively map the area around you.
You do not regenerate.


   Skills:
 + Level 4.6 Fighting
 + Level 6.3 Dodging
 * Level 7.7 Stealth
 - Level 5.0 Spellcasting
 - Level 5.0 Summonings
 + Level 5.3 Air Magic


You had 5 spell levels left.
You knew the following spells:

 Your Spells              Type           Power      Damage    Failure   Level
a - Summon Small Mammal   Summ           100%       N/A       1%          1
b - Call Imp              Summ           25%        N/A       2%          2
c - Call Canine Familiar  Summ           25%        N/A       4%          3
d - Summon Lightning Spi  Summ/Air       25%        N/A       14%         4
e - Summon Guardian Gole  Hex/Summ       15%        N/A       12%         3

Your spell library contained the following spells:

 Spells                   Type           Power      Damage    Failure   Level
 Apportation              Tloc           10%        N/A       12%         1
 Sublimation of Blood     Necr           5%         N/A       17%         2
 Petrify                  Tmut/Erth      5%         N/A       75%         4
 Alistair's Intoxication  Tmut/Pois      3%         N/A       97%         5
 Irradiate                Conj/Tmut      2%         3d14      97%         5

Inventory:

Hand Weapons
 c - the +10 dagger of Red Wine (weapon) {spect, rF+, short}
   (You found it on level 5 of the Dungeon)

   When its wielder attacks, the weapon's spirit leaps out and strikes again.
   The spirit shares a part of any damage it takes with its wielder.
   rF:        It protects you from fire.
 d - a +0 club {mace}
   (You found it on level 1 of the Dungeon)
 f - a +0 mace {mace}
   (You found it on level 1 of the Dungeon)
 v - a +1 war axe of electrocution {axe}
   (You found it on level 3 of the Dungeon)
Missiles
 e - 197 stones {throwing}
 h - 5 boomerangs (quivered) {throwing}
 l - 15 poisoned darts {throwing}
 K - a throwing net {=f!fthrowing}
Armour
 a - a +0 robe (worn)
 F - a +2 pair of gloves (worn)
   (You found it on level 6 of the Dungeon)
Magical Staves
 m - a staff of conjuration {!a@e2staff}
   (You found it on level 6 of the Dungeon)
Jewellery
 k - an amulet of the acrobat (around neck)
   (You found it on level 4 of the Dungeon)
 t - a ring of poison resistance (left hand)
   (You found it on level 3 of the Dungeon)
Wands
 q - a wand of mindburst (17)
   (You took it off Ijyb on level 3 of the Dungeon)
 y - a wand of iceblast (7)
   (You found it on level 4 of the Dungeon)
 z - a wand of digging (2)
   (You found it in an ossuary)
 D - a wand of paralysis (3)
   (You found it in an ossuary)
Scrolls
 g - a scroll of silence {!r}
 i - a scroll of immolation {!r!r}
 o - a scroll of acquirement {unknown}
 p - 4 scrolls of vulnerability {!r!r}
 r - 2 scrolls of amnesia
 u - 2 scrolls of fear {unknown}
 w - 2 scrolls of enchant armour {unknown}
 x - 2 scrolls of enchant weapon {unknown}
 G - 3 scrolls of teleportation {@r4}
 H - a scroll of blinking {unknown}
 I - a scroll of magic mapping {unknown}
Potions
 b - 2 potions of magic
 j - a potion of mutation {unknown}
 n - 2 potions of degeneration {!q@e2}
 s - a potion of flight
 A - 3 potions of lignification {!q}
 B - a potion of haste {@q3}
 C - 2 potions of might {unknown}
 E - a potion of cancellation {unknown}
 J - a potion of curing {@q1}

Dungeon Overview and Level Annotations

Branches:
Dungeon (8/15)             Temple (0/1) D:6         Ossuary (visited)
   Lair: D:8-11

Altars:
Elyvilon
Gozag
Hepliaklqana
Kikubaaqudgha
Makhleb
Nemelex Xobeh
Ru
Trog
Xom
The Shining One

Shops:
D:1 [[

Annotations:
D:3 3 runed translucent doors, DarkMailMan's ghost, amateur HOFi; Psyclone's ghost, amateur OpIE; ooooo's ghost, amateur SpWr; snackwell's ghost, amateur BaFi; zishaf's ghost, amateur VSBr
D:5 2 transporters, zishaf's ghost, weakling TrDe

##### #...# *#####
#.y.# *).... #@yโ€
###### *.$...
#yy.SSy..### .8...
#...##l....##ยง.Y..
#######..#...###..
#..###.y..y#
#...######l. * *
######..## ,
.........# *
.......#.# *


You could see 2 water moccasins, a wyvern and 5 killer bees.


Message History

Gang up on whom?
Press: ? - help, Dir - move target, f - killer bee
Aim: a killer bee (heavily wounded, not watching you, ally target) Attack!
Your bat completely misses the killer bee.
The killer bee stings your lightning spire.
A killer bee comes into view.
A water moccasin comes into view.
The killer bee stings your lightning spire!
Your lightning spire is destroyed!
Your lightning spire disappears in a puff of smoke!
The killer bee barely misses your quokka.
The water moccasin hisses angrily.
Unknown command.
The killer bee buzzes angrily.
You hear a bellow!
The killer bee barely misses your quokka.
Your quokka misses the killer bee.
A killer bee comes into view.
The killer bee completely misses your quokka.
The killer bee barely misses your quokka.
The killer bee misses your quokka.
The killer bee barely misses your quokka.
Your quokka misses the killer bee.
The killer bee closely misses your quokka. x2
Your quokka completely misses the killer bee.
The killer bee misses your quokka. The killer bee stings your quokka.
Your quokka dies!
Your quokka's corpse disappears in a puff of smoke!
Your bat barely misses the killer bee. ๐Ÿ˜จ MP[+1]
The killer bee attacks as you move away!
The killer bee completely misses you.
Your bat completely misses the killer bee.
The killer bee misses you.
You miss the killer bee. Your bat hits the killer bee.
Your bat misses the killer bee. The killer bee stings you.
* * * LOW HITPOINT WARNING * * *
Your bat hits the killer bee but does no damage.
The killer bee stings your bat. The killer bee stings your bat!
Your bat dies!
Your bat's corpse disappears in a puff of smoke!
The killer bee closely misses you. ๐Ÿ˜จ HP[-2]
You take 2 damage, and now have 30/79 hp.
The killer bee attacks as you move away!
The killer bee stings you. The killer bee completely misses you.
The killer bee closely misses you. The killer bee stings you.
The killer bee completely misses you. The killer bee misses you.
The killer bee stings you.
* * * LOW HITPOINT WARNING * * *
๐Ÿ˜จ HP[-1]
You take 1 damage, and now have 29/79 hp.
You miss the killer bee.
Your +10 dagger of Red Wine {spect, rF+, short} completely misses the killer bee.
A killer bee comes into view.
The killer bee barely misses you. The killer bee stings you.
The killer bee stings you!
* * * LOW HITPOINT WARNING * * *
The killer bee stings you.
* * * LOW HITPOINT WARNING * * *
๐Ÿ˜จ HP[-8]
You take 8 damage, and now have 21/79 hp.
Unknown command.
You hit the killer bee.
Your +10 dagger of Red Wine {spect, rF+, short} hits the killer bee!
You kill the killer bee!
Makhleb accepts your kill.
You feel better.
The killer bee stings you. ๐Ÿ˜จ HP[+2] MP[+1]
You regained 2 hp, and now have 23/79 hp.
You hit the killer bee.
Your +10 dagger of Red Wine {spect, rF+, short} misses the killer bee.
The killer bee stings you but does no damage.
The killer bee stings you.
* * * LOW HITPOINT WARNING * * *
The killer bee barely misses you. The killer bee misses you. ๐Ÿ˜ฑ HP[-5]
You take 5 damage, and now have 18/79 hp.
You hit the killer bee.
Your +10 dagger of Red Wine {spect, rF+, short} closely misses the killer bee.
The killer bee barely misses you. The killer bee stings you!
* * * LOW HITPOINT WARNING * * *
The killer bee barely misses you. The killer bee stings you!
* * * LOW HITPOINT WARNING * * *
๐Ÿ˜ฑ HP[-10]
You take 10 damage, and now have 8/79 hp.
The killer bee attacks as you move away!
The killer bee misses you. The killer bee completely misses you.
The killer bee stings you. The killer bee completely misses you.
The killer bee stings you.
* * * LOW HITPOINT WARNING * * *
The killer bee misses you.
There is a stone staircase leading up here. ๐Ÿ˜ฑ HP[-3]
You take 3 damage, and now have 5/79 hp.
The killer bee closely misses you. x2; The killer bee stings you.
* * * LOW HITPOINT WARNING * * *
You are poisoned.
The killer bee poisons you! The killer bee stings you. x2
You die...

Skill      XL: |  1  2  3  4  5  6  7  8  9 |
---------------+----------------------------+-----
Summonings     | 4 5 |  5.0
Spellcasting   | 2 3 4 5 |  5.0
Air Magic      | 1 2 3 4 5 |  5.3
Fighting       | 1 3 4 |  4.6
Dodging        | 3 5 6 |  6.3
Stealth        | 5 7 |  7.7

Action                   |  1- 3 |  4- 6 |  7- 9 || total
-------------------------+-------+-------+-------++-------
Melee: Mace              |    48 |    39 |       ||    87
       Unarmed           |     1 |       |       ||     1
       War axe           |       |    72 |    19 ||    91
       Punch             |       |     2 |       ||     2
       Dagger            |       |       |    53 ||    53
Throw: Boomerang         |     1 |     1 |     2 ||     4
 Cast: Summon Small Mamm |    67 |    19 |    50 ||   136
       Call Imp          |     8 |    18 |    36 ||    62
       Call Canine Famil |       |    14 |    32 ||    46
       Summon Lightning  |       |     1 |    47 ||    48
 Abil: Heal Wounds       |       |       |     1 ||     1
  Use: Potion            |     3 |     2 |     9 ||    14
       Scroll            |       |     1 |     4 ||     5
 Stab: Sleeping          |       |     2 |     1 ||     3
       Distracted        |       |       |     2 ||     2
Armor: Robe              |    18 |    37 |    16 ||    71
Dodge: Dodged            |    54 |    95 |    73 ||   222

Levels and vault maps discovered:
D:1:      heliophobic_arrival_dark_side_of_the_moon, layout_loops_corners,
          serial_shops, nicolae_shop_stone, shop, corexii_leaking_fountain
D:2:      minmay_wonky_spiral, layout_loops_ring, basic_altar,
          shapermc_ecumenical_altar_petra, minivault_19
D:3:      layout_loops_ring, regret_index_temple_of_mockery,
          amcnicky_altar_gilded, gammafunk_ghost_cemetery,
          chequers_serial_rivers_marsh, uniq_ijyb
D:4:      layout_loops_ring, nzn_random_ring
D:5:      layout_loops_ring, bloody_trog, nicolae_ossuary_entry_monument,
          gammafunk_ghost_arena, serial_undead, serial_undead_c,
          serial_undead_d, serial_undead_b, serial_undead_a
D:6:      layout_loops_ring, lemuel_temple_firewalk_a
D:7:      dreamdust_elfheim, layout_basic, mainiacjoe_overflow_small_starburst,
          gammafunk_temple_overflow_forgotten, kennysheep_generic_room_9
D:8:      layout_rooms, minmay_lair_entry_grove, minmay_misc_feat_enclosed,
          uniq_pikel, uniq_prince_ribbit1

Notes
Turn   | Place    | Note
-------+----------+-------------------------------------------
     0 | D:1      | spaghetti the Deep Dwarf Summoner began the quest for the
                  | Orb.
     0 | D:1      | Reached XP level 1. HP: 15/15 MP: 3/3
     0 | D:1      | magus.rc [v1.9.6]
   373 | D:1      | Reached skill level 4 in Summonings
   419 | D:1      | Reached XP level 2. HP: 17/22 MP: 1/4
   549 | D:1      | Found Ujuad's Armour Shoppe.
   872 | D:1      | Learned a level 2 spell: Call Imp
  1033 | D:1      | Found Xesheok's Armour Shop.
  1230 | D:2      | Reached XP level 3. HP: 13/28 MP: 0/5
  1529 | D:2      | Found a sparkling altar of Nemelex Xobeh.
  2150 | D:2      | Reached skill level 2 in Spellcasting
  2150 | D:2      | Reached skill level 5 in Summonings
  2150 | D:2      | Reached XP level 4. HP: 27/36 MP: 1/7
  2156 | D:2      | Learned a level 3 spell: Call Canine Familiar
  2503 | D:2      | Found a faded altar of an unknown god.
  2507 | D:2      | Prayed at the altar of an unknown god.
  2507 | D:2      | Became a worshipper of Makhleb the Destroyer
  2507 | D:2      | Reached * piety under Makhleb
  2555 | D:3      | Noticed Ijyb
  2566 | D:3      | Found an ancient bone altar of Kikubaaqudgha.
  2625 | D:3      | Killed Ijyb
  2626 | D:3      | Reached skill level 3 in Spellcasting
  2690 | D:3      | HP: 8/36 [orc/+0 flail (6)]
  2691 | D:3      | HP: 2/36 [orc/+0 flail (6)]
  2823 | D:3      | Reached XP level 5. HP: 42/42 MP: 0/9
  2985 | D:3      | Found a runed translucent gate.
  2985 | D:3      | Found a runed translucent gate.
  2985 | D:3      | Found a runed translucent gate.
  2986 | D:3      | Noticed DarkMailMan's ghost (amateur HOFi)
  2987 | D:3      | Noticed ooooo's ghost (amateur SpWr)
  2987 | D:3      | Noticed zishaf's ghost (amateur VSBr)
  2987 | D:3      | Noticed snackwell's ghost (amateur BaFi)
  2987 | D:3      | Noticed Psyclone's ghost (amateur OpIE)
  3286 | D:3      | You pick up a book of Party Tricks and begin reading...
  3286 | D:3      | You add the spells Apportation and Alistair's Intoxication
                  | to your library.
  3372 | D:3      | Found a hazy altar of Hepliaklqana.
  3373 | D:3      | Found a shimmering altar of Xom.
  3374 | D:3      | Noticed a spectral ugly thing
  3466 | D:3      | Reached ** piety under Makhleb
  3600 | D:3      | You pick up a book of Alchemy and begin reading...
  3600 | D:3      | You add the spells Sublimation of Blood, Petrify and
                  | Irradiate to your library.
  3802 | D:4      | Noticed a black bear
  3813 | D:4      | Killed a black bear
  3814 | D:4      | Reached skill level 1 in Air Magic
  3814 | D:4      | Reached XP level 6. HP: 47/49 MP: 2/11
  3933 | D:4      | Reached skill level 4 in Spellcasting
  3939 | D:4      | Learned a level 4 spell: Summon Lightning Spire
  4002 | D:4      | Reached skill level 2 in Air Magic
  4110 | D:4      | Noticed a nameless horror
  4312 | D:4      | Reached XP level 7. HP: 25/55 MP: 5/14
  4498 | D:4      | Reached skill level 3 in Air Magic
  4662 | D:4      | Reached skill level 5 in Spellcasting
  5359 | D:5      | Entered Level 5 of the Dungeon
  5453 | D:5      | Reached skill level 1 in Fighting
  5475 | D:5      | Reached skill level 3 in Dodging
  5475 | D:5      | HP: 13/57 [water moccasin skeleton (4)]
  5485 | D:5      | Found a transporter.
  5488 | D:5      | Noticed zishaf's ghost (weakling TrDe)
  5738 | D:5      | Found a bloodstained altar of Trog.
  5740 | D:5      | Identified the +10 dagger of Red Wine {spect, rF+}
  5742 | D:5      | HP: 4/57 [acid (5)]
  5830 | D:5      | Found a sand-covered staircase.
  5838 | Ossuary  | Entered an ossuary
  5843 | Ossuary  | Learned a level 3 spell: Summon Guardian Golem
  5956 | Ossuary  | Reached *** piety under Makhleb
  6085 | Ossuary  | Reached XP level 8. HP: 39/66 MP: 9/14
  6145 | Ossuary  | Noticed a flying skull
  6158 | Ossuary  | Noticed a flying skull
  6179 | Ossuary  | Noticed a flying skull
  6196 | Ossuary  | Reached skill level 2 in Fighting
  6196 | Ossuary  | Reached skill level 4 in Air Magic
  6218 | Ossuary  | Noticed a flying skull
  6317 | Ossuary  | Noticed a nameless horror
  6322 | Ossuary  | Killed a nameless horror
  6324 | Ossuary  | Reached skill level 4 in Dodging
  6437 | Ossuary  | Reached skill level 3 in Fighting
  6703 | D:5      | Reached skill level 3 in Stealth
  6942 | D:5      | Reached skill level 4 in Stealth
  7119 | D:5      | Reached skill level 5 in Dodging
  7165 | D:5      | Found a transporter.
  7435 | D:5      | HP: 17/69 [gnoll/+0 club (3)]
  7436 | D:5      | Noticed a nameless horror
  7440 | D:4      | HP: 11/69 [gnoll/+0 club (2)]
  7532 | D:5      | Killed a nameless horror
  7814 | D:5      | Reached skill level 5 in Stealth
  7877 | D:5      | Gained mutation: You passively map the area around you.
                  | [Deep Dwarf growth]
  7877 | D:5      | Reached XP level 9. HP: 57/76 MP: 7/15
  8831 | D:6      | Reached skill level 4 in Fighting
  8831 | D:6      | Reached skill level 6 in Stealth
  8831 | D:6      | Reached skill level 5 in Air Magic
  9136 | D:6      | Found a staircase to the Ecumenical Temple.
  9505 | D:7      | Found an opulent altar of Gozag.
  9510 | D:7      | Found a glowing golden altar of the Shining One.
  9511 | D:7      | Found a white marble altar of Elyvilon.
 10051 | D:7      | Reached skill level 6 in Dodging
 10051 | D:7      | Reached skill level 7 in Stealth
 10275 | D:7      | Reached **** piety under Makhleb
 10541 | D:7      | Found a sacrificial altar of Ru.
 10762 | D:8      | HP: 18/79 [killer bee (5)]
 10763 | D:8      | HP: 8/79 [killer bee (4)]
 10766 | D:8      | Slain by a killer bee

Vanquished Creatures
  A shadow (D:7)
  2 wraiths (Ossuary)
  A sky beast (D:6)
  A centaur (D:4)
  A phantom (D:5)
  2 nameless horrors (D:5)
  A bullfrog (D:7)
  A necrophage (D:5)
  A water moccasin skeleton (D:5)
  A killer bee (D:8)
  A centaur zombie (D:5)
  A bullfrog zombie (D:5)
  A bullfrog skeleton (D:5)
  A gnoll shaman (D:5)
  A jelly (D:5)
  2 hound zombies (D:5)
  2 gnolls
  3 adders
  2 adder zombies (Ossuary)
  6 orcs
  6 ball pythons
  3 endoplasms
  A goblin (D:3)
  4 hobgoblins
  4 jackals (D:3)
  5 kobolds
  3 quokkas
  A ball python skeleton (Ossuary)
  2 bats
  2 frilled lizards
  2 rats (D:2)
65 creatures vanquished.

Vanquished Creatures (collateral kills)
  A water moccasin (D:7)
  An orc warrior (D:6)
  A nameless horror (Ossuary)
  A sky beast (D:5)
  3 black bears (D:4)
  2 ice beasts (D:7)
  A centaur (D:8)
  2 ogres
  A phantom (D:7)
  3 scorpions
  3 wights (Ossuary)
  A howler monkey (D:7)
  A centaur zombie (D:5)
  2 bullfrog zombies (D:5)
  2 hounds
  2 jellies
  A bullfrog skeleton (D:5)
  2 iguanas
  Ijyb (D:3)
  3 orc wizards
  4 gnolls
  5 adders
  A white imp (D:7)
  An ufetubus (D:5)
  An adder zombie (D:5)
  2 worms
  2 dart slugs
  15 orcs
  4 ball pythons
  4 endoplasms
  3 giant cockroaches
  3 goblins
  7 hobgoblins
  A quokka (D:4)
  A ball python skeleton (Ossuary)
  A bat (D:1)
  A hobgoblin skeleton (Ossuary)
  2 hobgoblin zombies (Ossuary)
  4 kobolds
  A kobold zombie (Ossuary)
  An orc zombie (Ossuary)
  7 rats
105 creatures vanquished.

Vanquished Creatures (others)
  3 fungi (D:8)
  14 plants
  3 withered plants (D:5)
20 creatures vanquished.

Grand Total: 190 creatures vanquished

Table legend:
 A = Non-vault XP
 B = Vault XP
 C = Vault XP percentage of total XP
 D = Non-vault monster count
 E = Vault monster count
 F = Vault count percentage of total count
                 A         B        C        D         E       F
            +---------+---------+-------+---------+---------+-------
      Total |    3000 |    1601 |  34.8 |     122 |      45 |  26.9
            +---------+---------+-------+---------+---------+-------
        D:1 |      25 |       0 |   0.0 |      14 |       0 |   0.0
        D:2 |      99 |       5 |   4.8 |      21 |       2 |   8.7
        D:3 |      99 |      36 |  26.7 |      29 |       1 |   3.3
        D:4 |     496 |     328 |  39.8 |      15 |      16 |  51.6
        D:5 |     702 |     436 |  38.3 |      17 |      11 |  39.3
        D:6 |     563 |       0 |   0.0 |       9 |       0 |   0.0
        D:7 |     840 |     132 |  13.6 |      15 |       1 |   6.2
        D:8 |     176 |       0 |   0.0 |       2 |       0 |   0.0
    Ossuary |       0 |     664 | 100.0 |       0 |      14 | 100.0
            +---------+---------+-------+---------+---------+-------

Illustrated notes

Table legend:
 A = Kills in this place as a percentage of kills in entire the game.
 B = Kills by you in this place as a percentage of kills by you in the entire game.
 C = Kills by friends in this place as a percentage of kills by friends in the entire game.
 D = Other kills in this place as a percentage of other kills in the entire game.
 E = Experience gained in this place as a percentage of experience gained in the entire game.
 F = Experience gained in this place divided by the number of levels of this place that you have seen.
                   A       B       C       D       E      F
               +-------+-------+-------+-------+-------+----------------------
         Total | 100.0 | 100.0 | 100.0 |   N/A | 100.0 | 511.2
       Dungeon |  91.6 |  92.1 |  91.3 |   N/A |  85.6 | 492.1
       Ossuary |   8.4 |   7.9 |   8.7 |   N/A |  14.4 | 664.0
               +-------+-------+-------+-------+-------+----------------------

Table legend: (Time is in decaauts)
 A = Elapsed time spent in this place.
 B = Non-inter-level travel time spent in this place.
 C = Inter-level travel time spent in this place.
 D = Time resting spent in this place.
 E = Time spent auto-exploring this place.
 F = Levels seen in this place.
 G = Mean time per level.
                   A        B        C        D        E       F      G
               +--------+--------+--------+--------+--------+-----+--------+
         Total |  10826 |  10441 |    385 |    615 |   7947 |   9 | 1202.9 |
       Dungeon |  10118 |   9733 |    385 |    563 |   7427 |   8 | 1264.8 |
       Ossuary |    708 |    708 |      0 |     52 |    520 |   1 |  708.0 |
               +--------+--------+--------+--------+--------+-----+--------+

Top non-repeatable levels by time:
     D:4: 1997 daAuts
     D:5: 1692 daAuts
     D:2: 1371 daAuts
     D:6: 1326 daAuts
     D:3: 1275 daAuts
     D:7: 1209 daAuts
     D:1: 1191 daAuts
 Ossuary: 708 daAuts
     D:8: 53 daAuts
